 Dungeon Crawl Stone Soup version 0.27-a0-1557-g57f10a385c (webtiles) character file.

Game seed: 15233705669544277373

117121 robertstho the Eclecticist (level 17, -6/121 HPs)
             Began as a Djinni Fire Elementalist on July 15, 2021.
             Was an Initiate of Gozag.
             Mangled by Agnes (28 damage)
             ... on level 2 of the Snake Pit.
             The game lasted 01:04:50 (30199 turns).

robertstho the Eclecticist (DjFE)                  Turns: 30199, Time: 01:04:51

Health: -6/121     AC: 14    Str: 10    XL:     17   Next: 28%
Gold:   3159       EV: 16    Int: 24    God:    Gozag SH:  8 Dex: 24

rFire    + + +     SeeInvis .   i - +5 demon trident (vamp)
rCold    x x .     Faith    .   (no shield)
rNeg     + . .     Spirit   +   c - +2 robe of Majestic Salvation {rElec rF+ Regen+ Dex+2}
rPois    ∞         Reflect  .   j - +0 helmet "Rubeteq" {rC- rN+ Dex+5}
rElec    +         Harm     .   p - +2 cloak
rCorr    +         Rampage  .   T - +0 pair of gloves
Will     +....                  (boots unavailable)
Stlth    +++.......             a - brooch of Shielding {Spirit SH+8}
HPRegen  1.30/turn              B - ring of resist corrosion
MPRegen  0.00/turn              m - ring of Hepliaklqana's Outrage {AC+4 Str+3 Dex+3}

@: gold aura, flying
A: sickness immunity, fire resistance 2, cold vulnerability 1, float, innate
caster, hp casting, extra vitality 1
a: Renounce Religion, Potion Petition, Call Merchant, Bribe Branch


You were on level 2 of the Snake Pit.
You worshipped Gozag.
Gozag was most pleased with you.
You visited 5 branches of the dungeon, and saw 25 of its levels.

You collected 7084 gold pieces.
You spent 2924 gold pieces at shops.
You paid 1001 gold pieces to Gozag.

Inventory:

Hand Weapons
 i - a +5 vampiric demon trident (weapon)
 G - a +0 long sword of electrocution
Armour
 c - the +2 robe of Majestic Salvation (worn) {rElec rF+ Regen+ Dex+2}
   (You bought it in a shop on level 2 of the Orcish Mines)

   Dex:       It affects your dexterity (+2).
   rF:        It protects you from fire.
   rElec:     It insulates you from electricity.
   Regen:     It increases your rate of health regeneration.
 j - the +0 helmet "Rubeteq" (worn) {rC- rN+ Dex+5}
   (You took it off Robin on level 2 of the Dungeon)

   Dex:       It affects your dexterity (+5).
   rC:        It makes you vulnerable to cold.
   rN:        It protects you from negative energy.
 p - a +2 cloak (worn)
 I - +0 acid dragon scales
 T - a +0 pair of gloves (worn)
Jewellery
 a - the brooch of Shielding (around neck) {Spirit SH+8}
   (You bought it in a shop on level 13 of the Dungeon)

   [amulet of guardian spirit]

   It causes incoming damage to be divided between your reserves of health and
   magic.
   SH:        It affects your SH (+8).
 m - the ring of Hepliaklqana's Outrage (right hand) {AC+4 Str+3 Dex+3}
   (You acquired it on level 6 of the Lair of Beasts)

   [ring of protection]

   AC:        It affects your AC (+4).
   Str:       It affects your strength (+3).
   Dex:       It affects your dexterity (+3).
 u - a +4 ring of evasion
 x - a ring of see invisible
 B - a ring of resist corrosion (left hand)
 F - a ring of willpower
 H - the ring of Finim {rF+ Will+}
   (You found it on level 1 of the Snake Pit)

   [ring of protection from fire]

   rF:        It protects you from fire.
   Will:      It increases your willpower.
Wands
 l - a wand of acid (10)
 y - a wand of paralysis (7)
 M - a wand of mindburst (8)
Scrolls
 b - 4 scrolls of vulnerability
 e - 2 scrolls of blinking
 f - 5 scrolls of fog
 h - 3 scrolls of brand weapon
 o - a scroll of fear
 s - 5 scrolls of enchant armour
 t - a scroll of holy word
 z - 5 scrolls of enchant weapon
 A - 8 scrolls of teleportation
 D - 3 scrolls of magic mapping
 E - a scroll of identify
 N - 4 scrolls of immolation
 O - a scroll of summoning
Potions
 d - 4 potions of berserk rage
 k - 6 potions of attraction
 n - 2 potions of curing
 q - 2 potions of might
 r - 8 potions of ambrosia
 v - 3 potions of mutation
 w - 3 potions of brilliance
 C - 3 potions of haste
 P - 3 potions of resistance
Miscellaneous
 g - a phantom mirror


   Skills:
 * Level 11.2 Fighting
 + Level 1.7(1.9) Short Blades
 + Level 1.0(1.5) Long Blades
 + Level 0.7 Polearms
 + Level 4.8 Armour
 + Level 5.8 Dodging
 + Level 4.6 Stealth
 + Level 1.9 Shields
 * Level 18.8 Spellcasting


You had 5 spell levels left.
You knew the following spells:

 Your Spells              Type           Power      Damage    Failure   Level
a - Foxfire               Conj/Fire      100%       2x1d9     0%          1
b - Conjure Flame         Conj/Fire      85%        6-21      0%          3
c - Inner Flame           Hex/Fire       85%        N/A       0%          3
d - Sticky Flame          Conj/Fire      85%        2d10      0%          4
e - Fireball              Conj/Fire      42%        3d17      1%          5
f - Sandblast             Erth           100%       2d20      0%          1
g - Static Discharge      Conj/Air       85%        N/A       0%          2
h - Mephitic Cloud        Conj/Pois/Air  85%        N/A       0%          3
i - Lesser Beckoning      Tloc           42%        N/A       0%          3
j - Manifold Assault      Tloc           85%        N/A       1%          5
k - Borgnjor's Vile Clut  Necr/Erth      42%        N/A       1%          5
l - Iron Shot             Conj/Erth      42%        9d8       1%          6
m - Monstrous Menagerie   Summ           42%        N/A       1%          7
Your spell library was empty.

Dungeon Overview and Level Annotations

Branches:
Dungeon (14/15)            Temple (1/1) D:7            Lair (6/6) D:8
  Swamp (0/4) Lair:3        Snake (2/4) Lair:4        Slime (0/5) Lair:6
    Orc (2/2) D:9             Elf (0/3) Orc:2        Vaults (0/5) D:13

Altars:
Ashenzari
Cheibriados
Dithmenos
Elyvilon
Fedhas
Gozag
Hepliaklqana
Kikubaaqudgha
Makhleb
Nemelex Xobeh
Okawaru
Qazlal
Ru
Sif Muna
Trog
Uskayaw
Vehumet
Wu Jian
Xom
Yredelemnul
Zin
The Shining One
Jiyva
Lugonu

Shops:
D:1 [   D:5 (   D:8 :   D:10 =?   D:12 *   D:13 =   Orc:1 ?   Orc:2 **([

Portals:
Abyss: Lair:6

Annotations:
D:10 3 runed translucent doors, math4jedi's ghost, journeyman MiBe
D:13 1009 amulet
Lair:1 2 transporters, Ecyzas's ghost, journeyman TeCj
Snake:1 Lanoh's ghost, adept PaFi
Snake:2 Agnes


Innate Abilities, Weirdness & Mutations

You are immune to sickness and miasma.
You are immune to poison.
Your flesh is very heat resistant. (rF++)
You are vulnerable to cold. (rC-)
You float through the air rather than walking.
You learn spells naturally, not from books.
Your magical power is your life essence.
You have superior vitality. (+4 HP)


Message History

Aiming: Fireball (safe; 1% risk of failure)
Press: ? - help, Shift-Dir - straight line The fireball explodes!
The fireball engulfs Agnes!!
Agnes is lightly wounded.
Unknown command.
Casting: Fireball (safe; 1% risk of failure)
Confirm with . or Enter, or press ? or * to list all spells.
Aiming: Iron Shot (mildly dangerous; 1% risk of failure)
Press: ? - help, Shift-Dir - straight line, f - Agnes
Aim: Agnes, wielding a +6 lajatang of speed and wearing a +0 robe (lightly wounded, 46% to hit)
The iron shot misses Agnes.
Unknown command.
Casting: Iron Shot (mildly dangerous; 1% risk of failure)
Confirm with . or Enter, or press ? or * to list all spells.
Aiming: Iron Shot (mildly dangerous; 1% risk of failure)
Press: ? - help, Shift-Dir - straight line, f/p - Agnes
Aim: Agnes, wielding a +6 lajatang of speed and wearing a +0 robe (lightly wounded, 46% to hit)
The iron shot misses Agnes.
Agnes hits you with a +6 lajatang of speed!!
Unknown command.
Casting: Iron Shot (mildly dangerous; 1% risk of failure)
Confirm with . or Enter, or press ? or * to list all spells.
Aiming: Iron Shot (mildly dangerous; 1% risk of failure)
Press: ? - help, Shift-Dir - straight line, f/p - Agnes
Aim: Agnes, wielding a +6 lajatang of speed and wearing a +0 robe (lightly wounded, 46% to hit)
The iron shot hits Agnes!!!
Agnes is heavily wounded.
Agnes hits you with a +6 lajatang of speed!! x2
* * * LOW HITPOINT WARNING * * *
Casting: Iron Shot (mildly dangerous; 1% risk of failure)
Confirm with . or Enter, or press ? or * to list all spells.
Aiming: Iron Shot (mildly dangerous; 1% risk of failure)
Press: ? - help, Shift-Dir - straight line, f/p - Agnes
Aim: Agnes, wielding a +6 lajatang of speed and wearing a +0 robe (heavily wounded, 46% to hit)
The iron shot misses Agnes.
* * * LOW HITPOINT WARNING * * *
You block Agnes's attack.
Agnes hits you with a +6 lajatang of speed!!
You die...
Your body crumbles into a pile of gold.

... ..... .....
...$###### # .....#
+#....#....##.# ....$.
#.....#<.....#
.....$###.....#....###
.............##....#
......$......#.....#
...$..$i.....##....##
..#$..@)....#......#
###.....<.#'..####
###......####...
##p............
##....$.........
#...............
#................
.$................
..............###..


You could see Agnes and a neutral human (wandering).

Vanquished Creatures
  Kirke (Snake:2)
  A nagaraja (Snake:2)
  A bunyip (shapeshifter) (Lair:6)
  An ettin (Orc:2)
  2 boulder beetles
  12 hydras
  4 ogre magi (Orc:2)
  2 naga warriors (Snake:1)
  The ghost of TerrariaFan the Cleaver, a journeyman DsFi of Trog (Lair:2)
  2 catoblepae (Lair:4)
  4 centaur warriors
  4 vault guards
  5 anacondas (Snake:1)
  A tengu warrior (D:12)
  17 two-headed ogres
  4 thrashing horrors (Lair:6)
  Urug (Lair:2)
  A shock serpent (Snake:1)
  3 naga sharpshooters
  A salamander mystic (Snake:1)
  2 bog bodies (Lair:3)
  An orc knight (D:13)
  3 naga ritualists
  Pikel (D:9)
  7 mana vipers
  A deep elf zephyrmancer (D:13)
  4 oklob plants (Lair:4)
  5 ugly things
  2 orc sorcerers (Orc:2)
  A cyclops (D:13)
  A manticore (D:13)
  17 elephants
  10 black mambas
  A salamander (Snake:1)
  Maurice (Orc:1)
  5 naga magi
  12 cane toads
  4 smoke demons (Lair:6)
  A gargoyle (D:12)
  A torpor snail (Lair:6)
  2 unseen horrors
  A rime drake (Lair:4)
  21 komodo dragons
  A tengu conjurer (D:13)
  5 trolls
  3 ancient zymes (Lair:6)
  3 meliai (D:13)
  A queen bee (D:13)
  3 polar bears
  2 hornets
  A wolf spider simulacrum (D:12)
  15 blink frogs
  4 slime creatures (D:13)
  16 dream sheep
  Sigmund (D:2)
  5 wyverns
  A shadow (D:9)
  5 wraiths
  3 ynoxinuls (Lair:6)
  40 yaks
  A vampire (D:10)
  10 basilisks
  A steam dragon (D:7)
  A hog (Snake:2)
  10 vampire mosquitoes
  Menkaure (D:6)
  A swamp worm (Lair:3)
  4 acid dragons
  5 nagas
  21 water moccasins
  Duvessa (D:6)
  A large abomination (Lair:6)
  12 orc warriors
  2 ice beasts
  A sky beast (D:7)
  5 black bears
  22 ogres
  A swamp drake (D:8)
  2 necrophages
  7 centaurs
  23 wolves
  A lemure (D:9)
  12 small abominations (Lair:6)
  3 kobold brigands
  17 bullfrogs
  2 gnoll sergeants
  A scorpion (D:7)
  A wyvern zombie (D:6)
  Dowan (D:6)
  19 killer bees
  9 wights
  2 electric eels
  3 howler monkeys (D:9)
  5 hounds
  4 centaur zombies
  A bullfrog skeleton (D:4)
  9 orc priests
  A gnoll shaman (D:8)
  Crazy Yiuf (D:7)
  2 iguanas
  A scorpion zombie (D:5)
  5 orc wizards
  A killer bee zombie (D:8)
  2 hound skeletons (D:4)
  Robin (D:2)
  A howler monkey zombie (D:9)
  A howler monkey skeleton (D:7)
  14 gnolls
  8 adders
  An ufetubus (D:4)
  An adder skeleton (D:4)
  A worm (D:2)
  6 dart slugs
  51 orcs
  9 ball pythons
  8 endoplasms
  2 giant cockroaches
  15 hobgoblins
  6 jackals
  A quokka (D:4)
  5 bats
  3 frilled lizards
  17 goblins
  28 kobolds
  11 rats
  2 bushes
708 creatures vanquished.

Vanquished Creatures (others)
  779 foxfires
  20 fungi
  66 plants
865 creatures vanquished.

Grand Total: 1573 creatures vanquished

Notes
Turn   | Place    | Note
-------+----------+-------------------------------------------
     0 | D:1      | robertstho the Djinni Fire Elementalist began the quest for
                  | the Orb.
     0 | D:1      | Reached XP level 1. HP: 15/15 MP: 0/0
    20 | D:1      | Found Ligeas's Antique Armour Shoppe.
   263 | D:1      | Reached XP level 2. HP: 11/22 MP: 0/0
   869 | D:1      | Reached skill level 3 in Spellcasting
   927 | D:1      | Reached XP level 3. HP: 20/26 MP: 0/0
   927 | D:1      | Learned a level 1 spell: Sandblast
  1887 | D:1      | Reached skill level 1 in Fighting
  2259 | D:2      | Identified the +0 helmet "Rubeteq" {rC- rN+ Dex+5}
  2259 | D:2      | Noticed Robin
  2262 | D:2      | Reached XP level 4. HP: 18/32 MP: 0/0
  2652 | D:2      | Killed Robin
  3092 | D:2      | Reached XP level 5. HP: 34/37 MP: 0/0
  3092 | D:2      | Learned a level 2 spell: Static Discharge
  3216 | D:2      | Noticed Sigmund
  3228 | D:2      | Killed Sigmund
  3229 | D:2      | Reached skill level 4 in Spellcasting
  3229 | D:2      | Reached XP level 6. HP: 3/43 MP: 0/0
  4045 | D:3      | Found a faded altar of an unknown god.
  5001 | D:4      | Reached skill level 5 in Spellcasting
  5086 | D:4      | Reached XP level 7. HP: 35/49 MP: 0/0
  5086 | D:4      | Learned a level 3 spell: Mephitic Cloud
  6497 | D:5      | Entered Level 5 of the Dungeon
  7098 | D:5      | Reached skill level 6 in Spellcasting
  7098 | D:5      | Reached XP level 8. HP: 32/56 MP: 0/0
  7272 | D:5      | Found Syclosu's Antique Weapon Shoppe.
  7600 | D:6      | Noticed Menkaure
  7605 | D:6      | Killed Menkaure
  7773 | D:6      | Noticed Dowan
  7783 | D:6      | Killed Dowan
  7807 | D:6      | Noticed Duvessa
  8140 | D:6      | Reached skill level 7 in Spellcasting
  8146 | D:6      | Killed Duvessa
  9071 | D:7      | Reached XP level 9. HP: 53/62 MP: 0/0
  9071 | D:7      | Learned a level 3 spell: Lesser Beckoning
  9360 | D:7      | Reached skill level 8 in Spellcasting
  9964 | D:7      | Found a runed translucent door.
  9965 | D:7      | Noticed Crazy Yiuf
 10797 | D:7      | Reached skill level 9 in Spellcasting
 10885 | D:7      | Found a staircase to the Ecumenical Temple.
 11099 | D:7      | Killed Crazy Yiuf
 11270 | D:8      | Reached XP level 10. HP: 40/69 MP: 0/0
 11483 | D:8      | Found Wucy's Book Boutique.
 11487 | D:8      | Noticed a two-headed ogre
 11492 | D:8      | Killed a two-headed ogre
 11493 | D:8      | Reached skill level 5 in Fighting
 11493 | D:8      | Reached skill level 10 in Spellcasting
 11790 | Temple   | Entered the Ecumenical Temple
 12734 | D:8      | Noticed a komodo dragon
 12738 | D:8      | Killed a komodo dragon
 13020 | D:8      | Noticed a komodo dragon
 13030 | D:8      | Killed a komodo dragon
 13179 | D:8      | Found a staircase to the Lair.
 13755 | D:9      | Found a staircase to the Orcish Mines.
 14035 | D:9      | Reached XP level 11. HP: 50/76 MP: 0/0
 14035 | D:9      | Learned a level 5 spell: Manifold Assault
 14037 | D:9      | Reached skill level 1 in Long Blades
 14037 | D:9      | Reached skill level 11 in Spellcasting
 14339 | D:9      | Noticed Pikel
 14340 | D:9      | Killed Pikel
 14797 | D:9      | Found a sacrificial altar of Ru.
 14797 | D:9      | Found a basalt altar of Yredelemnul.
 14927 | D:10     | Entered Level 10 of the Dungeon
 14937 | D:10     | Noticed a two-headed ogre
 14941 | D:10     | Killed a two-headed ogre
 14942 | D:10     | Reached skill level 1 in Armour
 14994 | D:10     | Found an iron altar of Okawaru.
 15005 | D:10     | Found an opulent altar of Gozag.
 15054 | D:10     | Found an ornate altar of the Wu Jian Council.
 15101 | D:10     | Found a white marble altar of Elyvilon.
 15120 | D:10     | Noticed a two-headed ogre
 15124 | D:10     | Killed a two-headed ogre
 15145 | D:10     | Found Qask's Jewellery Emporium.
 15216 | D:10     | Reached skill level 12 in Spellcasting
 15242 | D:10     | You are sucked into a shaft and drop 3 floors!
 15242 | D:13     | Noticed a centaur warrior
 15340 | D:13     | Noticed a manticore
 15350 | D:13     | Killed a manticore
 15432 | D:13     | Found a gate to the Vaults.
 15432 | D:13     | Noticed a centaur warrior
 15432 | D:13     | Noticed a green ugly thing
 15432 | D:13     | Noticed a vault guard
 15432 | D:13     | Noticed a cyclops
 15432 | D:13     | Noticed a vault guard
 15432 | D:13     | Noticed a vault guard
 15432 | D:13     | Noticed a five-headed hydra
 15432 | D:13     | Noticed a vault guard
 15432 | D:13     | Noticed a cyan ugly thing
 15450 | D:12     | Noticed a purple ugly thing
 15453 | D:12     | Killed a purple ugly thing
 15564 | D:12     | Noticed a tengu warrior
 15586 | D:12     | Reached XP level 12. HP: 72/84 MP: 0/0
 15712 | D:12     | Noticed a two-headed ogre
 15714 | D:12     | Noticed a centaur warrior
 15802 | D:11     | Noticed a two-headed ogre
 15806 | D:11     | Killed a two-headed ogre
 15807 | D:11     | Reached skill level 1 in Short Blades
 15883 | D:11     | Noticed an eight-headed hydra
 15903 | D:11     | Killed an eight-headed hydra
 16178 | D:11     | Noticed an eight-headed hydra
 16184 | D:11     | Killed an eight-headed hydra
 16185 | D:11     | Reached skill level 13 in Spellcasting
 16402 | D:10     | Became a worshipper of Gozag Ym Sagoz the Greedy
 16651 | D:10     | Noticed a two-headed ogre
 16659 | D:10     | Killed a two-headed ogre
 16706 | D:10     | Found Faashro's Magic Scroll Boutique.
 16710 | D:10     | Bought a scroll of immolation for 38 gold pieces
 16736 | D:10     | Found a runed translucent gate.
 16736 | D:10     | Found a runed translucent gate.
 16736 | D:10     | Found a viscous altar of Jiyva.
 16736 | D:10     | Found a runed translucent gate.
 16736 | D:10     | Noticed math4jedi's ghost (journeyman MiBe)
 17049 | D:12     | Found Wotijuz's Assorted Antiques.
 17056 | D:12     | Killed a centaur warrior
 17103 | D:12     | Bought a scroll of teleportation for 90 gold pieces
 17103 | D:12     | Bought a sedimented blue potion for 27 gold pieces
 17103 | D:12     | Bought a scroll labelled RUKHLAH UGGO for 30 gold pieces
 17383 | D:12     | Killed a two-headed ogre
 17387 | D:12     | Killed a tengu warrior
 17392 | D:12     | Reached XP level 13. HP: 54/90 MP: 0/0
 17392 | D:12     | Learned a level 5 spell: Borgnjor's Vile Clutch
 17736 | D:12     | Killed a vault guard
 17920 | D:13     | Killed a centaur warrior
 17920 | D:13     | Killed a five-headed hydra
 17921 | D:13     | Reached skill level 14 in Spellcasting
 18074 | D:13     | Found Onollay's Jewellery Shop.
 18105 | D:13     | Killed a centaur warrior
 18112 | D:13     | Noticed a centaur warrior
 18118 | D:13     | HP: 3/92 [centaur warrior/arrow (24)]
 18124 | D:13     | Killed a centaur warrior
 18261 | D:13     | Reached skill level 5 in Dodging
 18412 | D:13     | Killed a vault guard
 18484 | D:13     | Killed a vault guard
 18489 | D:13     | Killed a vault guard
 18921 | Lair:1   | Entered Level 1 of the Lair of Beasts
 19014 | Lair:1   | Noticed a four-headed hydra
 19021 | Lair:1   | Killed a four-headed hydra
 19022 | Lair:1   | Reached XP level 14. HP: 71/99 MP: 0/0
 19197 | Lair:1   | Reached skill level 15 in Spellcasting
 19243 | Lair:1   | Found a transporter.
 19245 | Lair:1   | Noticed Ecyzas's ghost (journeyman TeCj)
 19681 | Lair:1   | Found a transporter.
 19957 | Lair:2   | Noticed Urug
 20082 | Lair:2   | Killed Urug
 20722 | Lair:2   | Found a runed translucent gate.
 20723 | Lair:2   | Found a runed translucent gate.
 20723 | Lair:2   | Found a runed translucent gate.
 20724 | Lair:2   | Noticed TerrariaFan's ghost (journeyman DsFi)
 21452 | D:13     | Bought the brooch of Shielding {Spirit SH+8} for 1009 gold
                  | pieces
 21452 | D:13     | Found the brooch of Shielding {Spirit SH+8}
 21757 | Orc:1    | Entered Level 1 of the Orcish Mines
 21879 | Orc:1    | You are sucked into a shaft and drop 1 floor!
 21879 | Orc:2    | Entered Level 2 of the Orcish Mines
 21890 | Orc:2    | Reached skill level 16 in Spellcasting
 21894 | Orc:2    | Reached XP level 15. HP: 42/106 MP: 0/0
 21894 | Orc:2    | Learned a level 6 spell: Iron Shot
 21987 | Orc:2    | Found Atugegosk's General Store.
 21987 | Orc:2    | Found Faepnuj's Armour Shop.
 21987 | Orc:2    | Found Vyossilink's Assorted Antiques.
 21987 | Orc:2    | Found Aroad's Antique Weapon Emporium.
 22006 | Orc:2    | Bought the +2 robe of Majestic Salvation {rElec rF+ Regen+
                  | Dex+2} for 610 gold pieces
 22040 | Orc:2    | Found a staircase to the Elven Halls.
 22735 | Orc:1    | Noticed Maurice
 22772 | Orc:1    | Killed Maurice
 22958 | Orc:1    | Found Xiskuyty's Magic Scroll Shop.
 22963 | Orc:1    | Bought a scroll of teleportation for 51 gold pieces
 22963 | Orc:1    | Bought a scroll of identify for 34 gold pieces
 22963 | Orc:1    | Bought a scroll of teleportation for 51 gold pieces
 22963 | Orc:1    | Bought 2 scrolls of blinking for 255 gold pieces
 22963 | Orc:1    | Bought a scroll of identify for 34 gold pieces
 22963 | Orc:1    | Bought a scroll of teleportation for 51 gold pieces
 22963 | Orc:1    | Bought a scroll of identify for 34 gold pieces
 23038 | D:10     | Bought a scroll of acquirement for 572 gold pieces
 23038 | D:10     | Bought a scroll of magic mapping for 38 gold pieces
 23039 | D:10     | Acquired a +5 vampiric demon trident
 23802 | Lair:4   | Reached skill level 10 in Fighting
 24361 | Lair:3   | Found a staircase to the Swamp.
 24365 | Lair:3   | Reached skill level 17 in Spellcasting
 25471 | Lair:4   | Found a staircase to the Snake Pit.
 25957 | Lair:5   | Reached XP level 16. HP: 78/114 MP: 0/0
 26734 | Lair:6   | Entered Level 6 of the Lair of Beasts
 26738 | Lair:6   | Acquired the ring of Hepliaklqana's Outrage {AC+4 Str+3
                  | Dex+3}
 27109 | Lair:6   | Reached skill level 1 in Shields
 27527 | Lair:6   | Reached skill level 18 in Spellcasting
 27715 | Lair:6   | Found a viscous altar of Jiyva.
 27722 | Lair:6   | Found a staircase to the Slime Pits.
 27935 | Lair:6   | Found a one-way gate to the infinite horrors of the Abyss.
 27937 | Lair:6   | Found a corrupted altar of Lugonu.
 28265 | Lair:2   | Killed TerrariaFan's ghost
 28276 | Lair:2   | Identified the +4 scimitar of Kaweli {flame, Dex+2}
 28435 | Snake:1  | Entered Level 1 of the Snake Pit
 29045 | Snake:1  | Reached XP level 17. HP: 22/121 MP: 0/0
 29045 | Snake:1  | Learned a level 7 spell: Monstrous Menagerie
 29290 | Snake:1  | Found a runed translucent gate.
 29290 | Snake:1  | Found a runed translucent gate.
 29293 | Snake:1  | Found a runed translucent gate.
 29299 | Snake:1  | Noticed Lanoh's ghost (adept PaFi)
 30001 | Snake:1  | Identified the ring of Finim {rF+ Will+}
 30080 | Snake:2  | Noticed Kirke
 30088 | Snake:2  | Killed Kirke
 30194 | Snake:2  | Noticed Agnes
 30199 | Snake:2  | Mangled by Agnes

Illustrated notes

Levels and vault maps discovered:
D:1:      lightli_arrival_maybe_door_vault, layout_loops_corners, serial_shops,
          nicolae_shop_stone, minmay_tromino_v7
D:2:      layout_basic, minmay_split_cup_small, uniq_robin, uniq_sigmund
D:3:      layout_loops_ring, lemuel_coloured_pillars_altar,
          shapermc_ecumenical_altar_starsandcircs, minmay_goblin_outpost
D:4:      layout_basic, lemuel_crystal_altar
D:5:      layout_loops_corners, nicolae_stop_n_shop_1, grunt_decor_resistance
D:6:      layout_basic, minivault_23, dk_noncrumbling_3, uniq_duvessa,
          uniq_menkaure
D:7:      layout_basic, minmay_temple_entry_nine_rooms, uniq_crazy_yiuf_cottage
D:8:      layout_basic, erik_lair_dragon, serial_shops,
          nicolae_shop_temple_entry_statues_fountains
D:9:      minmay_weird_star, layout_basic, gammafunk_temple_overflow_statue,
          uniq_pikel
D:10:     layout_basic, nicolae_wu_jian_immortal_techniques,
          amethyst_overflow_temple_binary, elyvilon_altar_4,
          gammafunk_ghost_ooze, serial_glass, glass_columns_b, glass_columns_a,
          glass_columns_c, glass_columns_a, glass_columns_a, glass_columns_a,
          serial_shops, shop, nicolae_shop_behind_doors
D:11:     layout_rooms
D:12:     layout_basic, serial_shops, shop, minmay_fractal_squares_gapless_7
D:13:     layout_roguey [special_room_orc], lightli_vaults_fourway_checkpoint,
          serial_shops, nicolae_square_shop, special_room [special_room_bee]
D:14:     minmay_crescents, layout_cave_pools, minmay_strange_pillars
Temple:   eino_narrow_crystal_temple
Lair:1:   layout_loops_ring, gammafunk_ghost_arena, beast_lair_carwin_1,
          infiniplex_staircase_pool_2, lemuel_fruit_fields
Lair:2:   layout_hall_layers, gammafunk_ghost_hydra_chop, uniq_urug
Lair:3:   layout_hall_layers, nicolae_swamp_entry_splash_gauntlet,
          chequers_serial_rivers_large_a, grunt_forest_small_clearing_treed
Lair:4:   layout_layer_cave, guppyfry_snake_entry_garden, grunt_megastairs_1,
          lemuel_fruit_fields, serial_bayou_shore_b, minmay_lair_oklob_chamber
Lair:5:   nzn_winding_woodlands_three_and_one
          [nzn_winding_woodlands_5x15_river_crossing,
          nzn_winding_woodlands_5x15_cabin, nzn_winding_woodlands_5x15_pool,
          nzn_winding_woodlands_center_garden], layout_loops_ring
Lair:6:   hellmonk_lair_end_abyssal_woods, layout_regular_city,
          dpeg_slime_entry_enclosed_altar, serial_rivers,
          chequers_serial_rivers_small_b, chequers_serial_rivers_marsh,
          chequers_serial_rivers_micro_b, chequers_serial_rivers_large_b
Snake:1:  layout_layer_cave, gammafunk_ghost_split
Snake:2:  layout_cave_town, uniq_agnes, uniq_kirke
Orc:1:    layout_caves, serial_shops, shop, uniq_maurice
Orc:2:    st_orc_ogre_mass, layout_caves

Skill      XL: |  1  2  3  4  5  6  7  8  9 10 11 12 13 14 15 16 |
---------------+-------------------------------------------------+-----
Spellcasting   | 3 4 5 6 7 9 10 12 13 14 16 17 18 | 18.8
Fighting       | 1 2 3 4 5 6 7 8 9 10 11 | 11.2
Stealth        | 2 3 4 |  4.6
Dodging        | 3 4 5 |  5.8
Long Blades    | 1 |  1.0
Armour         | 1 3 4 |  4.8
Short Blades   | 1 |  1.7
Shields        | 1 |  1.9
Polearms       | |  0.7

Action                   |  1- 3 |  4- 6 |  7- 9 | 10-12 | 13-15 | 16-18 || total
-------------------------+-------+-------+-------+-------+-------+-------++-------
Melee: Unarmed           |     3 |       |       |       |       |       ||     3
       Falchion          |       |       |     3 |       |       |       ||     3
       Short sword       |       |       |       |    17 |    17 |       ||    34
       Demon trident     |       |       |       |       |     7 |     1 ||     8
 Cast: Foxfire           |   101 |   141 |   206 |    15 |    12 |     1 ||   476
       Sandblast         |       |     3 |       |       |       |       ||     3
       Sticky Flame      |       |     1 |    14 |    28 |    46 |     5 ||    94
       Fireball          |       |       |    30 |   138 |   348 |   168 ||   684
       Mephitic Cloud    |       |       |       |    10 |    16 |       ||    26
       Manifold Assault  |       |       |       |     1 |     5 |       ||     6
       Lesser Beckoning  |       |       |       |     1 |     1 |       ||     2
       Borgnjor's Vile C |       |       |       |       |     6 |     6 ||    12
       Iron Shot         |       |       |       |       |    30 |    75 ||   105
Invok: Potion Petition   |       |       |       |       |     1 |       ||     1
Evoke: Wand              |       |       |       |       |     1 |       ||     1
  Use: Scroll            |       |     3 |     1 |     7 |    15 |     8 ||    34
       Potion            |       |       |     1 |     4 |    10 |       ||    15
Armor: Robe              |     3 |     2 |       |       |     6 |    21 ||    32
       Animal skin       |       |     4 |    13 |     1 |       |       ||    18
       Troll leather arm |       |       |       |    12 |    16 |       ||    28
Dodge: Dodged            |    15 |    12 |    36 |    71 |   105 |    36 ||   275
Block: Other             |       |       |       |       |    19 |    20 ||    39
       Rpst.: Falchion   |       |     1 |     9 |       |       |       ||    10
       Long sword        |       |       |       |       |     3 |       ||     3

Table legend: (Time is in decaauts)
 A = Elapsed time spent in this place.
 B = Non-inter-level travel time spent in this place.
 C = Inter-level travel time spent in this place.
 D = Time resting spent in this place.
 E = Time spent auto-exploring this place.
 F = Levels seen in this place.
 G = Mean time per level.
                   A        B        C        D        E       F      G
               +--------+--------+--------+--------+--------+-----+--------+
         Total |  30194 |  27767 |   2427 |   2080 |  22473 |  25 | 1207.8 |
       Dungeon |  19484 |  17844 |   1640 |   1405 |  14555 |  14 | 1391.7 |
        Temple |    175 |    162 |     13 |      0 |    162 |   1 |  175.0 |
          Lair |   7081 |   6671 |    410 |    327 |   5482 |   6 | 1180.2 |
     Snake Pit |   1763 |   1741 |     22 |    273 |   1233 |   2 |  881.5 |
  Orcish Mines |   1689 |   1348 |    341 |     75 |   1040 |   2 |  844.5 |
               +--------+--------+--------+--------+--------+-----+--------+

Top non-repeatable levels by time:
     D:8: 2532 daAuts
     D:1: 2459 daAuts
     D:7: 2367 daAuts
 Snake:1: 1594 daAuts
     D:4: 1548 daAuts
     D:5: 1545 daAuts
     D:2: 1465 daAuts
  Lair:6: 1451 daAuts
  Lair:4: 1396 daAuts
    D:13: 1281 daAuts
     D:9: 1234 daAuts
  Lair:1: 1223 daAuts
  Lair:2: 1204 daAuts
    D:12: 1172 daAuts
    D:10: 1172 daAuts
